Map: Tours du crépuscule

Players

barokHD - Winner!

  • Race: Protoss Protoss
  • League: Diamond

IceWorLd

  • Race: Zerg Zerg
  • League: Master

VOD

Have the link to the VOD?

Description

Time

  • Played on: March 29, 2016, 1:08 p.m.
  • Length: 8:34
Show
View Real Time Build Order
Export as new Build Order

barokHD Protoss - Winner!

Build Orders: 1 Gate Expand, Mass Adepts 

Get SALT Encoding   

  12  0:01  Probe (Chrono Boost)  
  13  0:11  Probe (Chrono Boost)  
  14  0:17  Pylon  
  14  0:22  Probe (Chrono Boost)  
  16  0:35  Probe (Chrono Boost)  
  16  0:39  Gateway  
  16  0:46  Probe (Chrono Boost)  
  16  0:47  Assimilator  
  17  0:57  Probe (Chrono Boost)  
  18  1:07  Probe (Chrono Boost)  
  19  1:21  Nexus  
  19  1:34  Cybernetics Core  
  19  1:38  Assimilator  
  19  1:39  Probe (Chrono Boost)  
  20  1:49  Probe (Chrono Boost), Pylon  
  21  2:00  Probe (Chrono Boost)  
  22  2:10  Probe (Chrono Boost)  
  22  2:11  Stalker (Chrono Boost)  
  22  2:12  Warp Gate (Chrono Boost)  
  25  2:22  Probe  
  26  2:32  Probe  
  26  2:34  Probe  
  28  2:38  Adept  
  28  2:43  Probe  
  30  2:46  Probe  
  32  2:53  Probe  
  33  2:58  Probe  
  33  3:03  Twilight Council  
  33  3:04  Gateway, Probe  
  33  3:05  Gateway  
  35  3:10  Probe  
  36  3:14  Probe, Pylon  
  37  3:23  Probe, Adept  
  37  3:25  Probe  
  41  3:30  Pylon  
  41  3:35  Probe, Mothership Core  
  44  3:46  Resonating Glaives (Chrono Boost), Probe  
  45  3:56  Probe x2  
  47  4:04  Adept x3  
  47  4:07  Probe  
  47  4:08  Probe  
  55  4:10  Pylon  
  55  4:12  Assimilator  
  55  4:17  Assimilator, Probe  
  55  4:20  Probe, Pylon  
  57  4:25  Adept x2  
  57  4:28  Adept  
  63  4:36  Probe  
  63  4:37  Pylon  
  63  4:38  Probe, Pylon  
  65  4:47  Adept x2  
  65  4:50  Probe  
  70  5:05  Robotics Facility  
  70  5:07  Stalker x3  
  70  5:08  Probe  
  70  5:09  Probe  
  78  5:41  Stalker x3  
  84  5:45  Blink (Chrono Boost)  
  78  6:05  Stalker x3  
  78  6:06  Immortal  
  78  6:29  Stalker x3  
  80  6:33  Nexus  
  80  6:36  Pylon  
  80  6:37  Pylon  
  80  6:39  Pylon  
  80  6:45  Robotics Facility  
  80  6:46  Observer, Pylon  
  81  6:48  Gateway  
  81  6:49  Pylon  
  81  6:50  Gateway  
  81  6:52  Gateway  
  81  6:55  Stalker x3  
  87  7:04  Probe  
  87  7:05  Probe  
  89  7:11  Immortal  
  89  7:12  Pylon  
  89  7:13  Pylon  
  93  7:19  Stalker x2  
  93  7:22  Stalker  
  99  7:37  Immortal  
  103  7:46  Stalker x2  
  103  7:47  Stalker  
  109  7:58  Probe, Stalker x3  
  113  8:00  Probe  
  113  8:05  Probe  
  117  8:09  Probe  
  117  8:12  Probe, Pylon  
Show
View Real Time Build Order
Export as new Build Order

IceWorLd Zerg 

Build Orders: 3 Hatch before Pool 

Get SALT Encoding   

  12  0:01  Drone  
  13  0:12  Overlord  
  13  0:18  Drone  
  14  0:30  Drone x2  
  16  0:36  Drone  
  17  0:53  Hatchery  
  17  0:55  Drone  
  17  0:59  Drone  
  18  1:19  Hatchery  
  18  1:23  Extractor, Drone  
  17  1:26  Drone  
  18  1:41  Spawning Pool  
  18  1:46  Drone  
  18  1:48  Drone  
  19  1:55  Overlord  
  19  2:09  Drone x2  
  21  2:21  Drone  
  22  2:28  Metabolic Boost  
  22  2:29  Queen  
  24  2:32  Queen  
  24  2:36  Zergling x2  
  27  2:38  Zergling x2  
  28  2:52  Overlord  
  28  2:53  Zergling x4  
  28  2:54  Drone  
  28  2:56  Drone  
  32  3:03  Queen  
  34  3:15  Drone x2  
  34  3:16  Drone x2  
  34  3:17  Drone  
  39  3:22  Overlord  
  39  3:26  Drone x2  
  41  3:29  Drone  
  42  3:40  Roach Warren  
  41  3:43  Lair  
  41  3:44  Drone  
  41  3:46  Drone  
  43  3:50  Drone  
  43  3:51  Drone  
  43  3:53  Zergling x2  
  43  3:54  Zergling x2  
  47  3:57  Zergling x2  
  48  4:10  Zergling x4  
  48  4:11  Overlord x3  
  50  4:27  Overlord x2  
  50  4:31  Roach x5  
  56  4:32  Roach  
  56  4:34  Drone  
  63  4:47  Spore Crawler, Drone  
  63  4:48  Hydralisk Den, Drone x4  
  63  4:52  Zergling x4  
  68  4:59  Roach  
  72  5:00  Roach  
  72  5:02  Spore Crawler  
  72  5:03  Drone x2  
  74  5:14  Drone x5  
  74  5:15  Drone x2  
  76  5:31  Hydralisk, Extractor  
  76  5:32  Extractor  
  72  5:42  Zergling x4  
  66  5:43  Zergling x4, Roach x2  
  66  5:44  Zergling x6  
  66  5:46  Zergling x2  
  73  5:50  Drone  
  72  5:59  Zergling x6  
  72  6:00  Queen  
  71  6:04  Zergling x2  
  65  6:12  Drone x3  
  63  6:23  Drone x3  
  61  6:30  Drone x3  
  61  6:32  Drone  
  63  6:35  Drone  
  64  6:42  Drone x3  
  67  6:47  Drone x2  
  67  6:52  Drone  
  70  7:00  Ravager x2  
  72  7:03  Drone x3  
  72  7:06  Queen  
  72  7:08  Drone x3  
  80  7:09  Drone  
  80  7:11  Drone  
  80  7:13  Extractor  
  80  7:15  Drone  
  82  7:18  Drone  
  82  7:20  Drone  
  83  7:25  Hydralisk  
  83  7:27  Hydralisk  
  86  7:36  Zergling x4, Extractor  
  87  7:37  Overlord  
  87  7:52  Spine Crawler  
  87  7:56  Spine Crawler  
  79  7:58  Hydralisk  
  79  7:59  Hydralisk x4  
  79  8:05  Overlord x2  
  89  8:06  Spine Crawler  
Tags
 
Add a new tag
Caveats
  • Supply blocks, unpowered buildings, or Contaminate may cause inaccurate times.
  • Supply counts are checked every 10 seconds.